 Dungeon Crawl Stone Soup version 0.17-b1-25-g6d8775f (console) character file.

417 gw the Shield-Bearer (level 6, -1/57 HPs)
             Began as a Deep Dwarf Fighter on Nov 6, 2015.
             Slain by a gnoll
             ... wielding a +0 spear
              (3 damage)
             ... on level 4 of the Dungeon.
             The game lasted 00:08:45 (3814 turns).

gw the Shield-Bearer (Deep Dwarf Fighter)           Turns: 3814, Time: 00:08:45

Health: -1/57      AC:  8    Str: 19    XL:     6   Next: 61%
Magic:  0/0        EV:  5    Int:  9    God:
Gold:   195        SH: 10    Dex: 14    Spells: 0 memorised, 5 levels left

rFire  . . .     SeeInvis .     a - +0 mace
rCold  . . .     Clarity  .     d - -2 chain mail (curse)
rNeg   . . .     SustAt   .     c - +0 shield
rPois  .         Gourm    .     (no helmet)
rElec  .         Spirit   .     (no cloak)
rCorr  .         Warding  .     g - +0 pair of gloves (curse)
rMut   .         Stasis   .     (no boots)
MR     .....                    (no amulet)
Stlth  ..........               (no ring)
                                (no ring)

@: non-regenerating, not resistant to hostile enchantments, extremely unstealthy
A: damage resistance, recharge devices, sense surroundings 1, slow regeneration
3
a: Device Recharging


You were on level 4 of the Dungeon.
You were hungry.

You visited 1 branch of the dungeon, and saw 4 of its levels.

You collected 195 gold pieces.

Inventory:

Hand Weapons
 a - a +0 mace (weapon)
Missiles
 h - 22 bolts
Armour
 c - a +0 shield (worn)
 d - a cursed -2 chain mail (worn)
 g - a cursed +0 pair of gloves (worn)
Wands
 e - a wand of heal wounds (0)


   Skills:
 + Level 3.7 Fighting
   Level 2.2(3.7) Axes
 * Level 4.1(4.4) Maces & Flails
 + Level 4.5 Armour
 + Level 4.8 Shields


You had 5 spell levels left.
You didn't know any spells.

Dungeon Overview and Level Annotations

Branches:
Dungeon (4/15)
 Temple: D:4-7

Altars:
Fedhas
The Shining One


Innate Abilities, Weirdness & Mutations

You are resistant to damage.
You can recharge devices by infusing magical energy.
You passively map a small area around you.
You do not regenerate naturally.


Message History

Unknown command.
Unknown command.
Unknown command.
Attempting RANGED ATTACK TO (1,-2); ATTACKING (0,-1)
You swing at nothing.
You block the gnoll's attack.
Unknown command.
Unknown command.
Unknown command.
Unknown command.
Attempting RANGED ATTACK TO (1,-2); ATTACKING (0,-1)
You swing at nothing.
The gnoll hits you from afar with a spear.
Unknown command.
Unknown command.
Unknown command.
Unknown command.
Attempting RANGED ATTACK TO (1,-2); ATTACKING (0,-1)
You swing at nothing.
The gnoll hits you from afar with a spear.
You die...

#####..####...##.#......##
#........................####
#.###..##.....##.#>...<....(#
###.###..##..#.###.#........#.###
.............#.###.###.##...#...#
................(......##.#####.#
............g....g.###.##...#...#
###.#.....g...###)..##.###.>#.###
#.#)........##g#.....# #....#
#.........?.#.##.##..# ###.##
#.#............!.....# #.#
###.#.........#.##.##.## #.#
..............##.#.#.## #.#
#####.........###...## #.#
#...........[....#######.#
#.........####...........#
###.#.##### ##.########.#


You could see a gnoll.

Table legend:
 A = Turns spent in this place as a percentage of turns spent in the entire game.
 B = Non-inter-level travel turns spent in this place as a percentage of non-inter-level travel turns spent in the entire game.
 C = Inter-level travel turns spent in this place as a percentage of turns spent in this place.
 D = Turns resting spent in this place as a percentage of non-inter-level travel turns spent in this place.
 E = Turns spent auto-exploring this place as a percentage of non-inter-level travel turns spent in this place.
 F = Non-inter-level travel turns spent in this place divided by the number of levels of this place that you've seen.
                   A       B       C       D       E      F
               +-------+-------+-------+-------+-------+----------------------
         Total | 100.0 | 100.0 |   0.2 |   0.0 |   1.0 | 3341.0
       Dungeon | 100.0 | 100.0 |   0.2 |   0.0 |   1.0 | 3341.0
               +-------+-------+-------+-------+-------+----------------------

Table legend:
 A = Kills in this place as a percentage of kills in entire the game.
 B = Kills by you in this place as a percentage of kills by you in the entire game.
 C = Kills by friends in this place as a percentage of kills by friends in the entire game.
 D = Other kills in this place as a percentage of other kills in the entire game.
 E = Experience gained in this place as a percentage of experience gained in the entire game.
 F = Experience gained in this place divided by the number of levels of this place that you have seen.
                   A       B       C       D       E      F
               +-------+-------+-------+-------+-------+----------------------
         Total | 100.0 | 100.0 |  -nan | 100.0 | 100.0 | 149.0
       Dungeon | 100.0 | 100.0 |  -nan | 100.0 | 100.0 | 149.0
               +-------+-------+-------+-------+-------+----------------------

Vanquished Creatures
  A phantom (D:4)
  2 orc wizards
  A hound (D:4)
  An orc priest (D:4)
  A giant frog skeleton (D:4)
  A worker ant (D:4)
  A hound skeleton (D:4)
  2 gnolls (D:4)
  3 adders
  2 worms (D:2)
  4 giant geckos
  8 orcs
  3 ball pythons
  8 bats
  6 giant cockroaches
  7 goblins
  8 hobgoblins
  4 kobolds
  3 quokkas
  A giant gecko skeleton (D:4)
  4 giant newts
  10 jackals
  9 rats
90 creatures vanquished.

Vanquished Creatures (others)
  An orc wizard (D:4)
1 creature vanquished.

Grand Total: 91 creatures vanquished

Notes
Turn   | Place    | Note
--------------------------------------------------------------
     0 | D:1      | gw the Deep Dwarf Fighter began the quest for the Orb.
     0 | D:1      | Reached XP level 1. HP: 20/20 MP: 1/1
   292 | D:1      | Reached XP level 2. HP: 27/27 MP: 2/2
   311 | D:1      | Reached skill level 1 in Maces & Flails
   770 | D:2      | Reached XP level 3. HP: 20/33 MP: 3/3
  1005 | D:2      | Found a blossoming altar of Fedhas.
  1169 | D:2      | Reached XP level 4. HP: 29/42 MP: 4/4
  1510 | D:3      | Reached skill level 4 in Shields
  1571 | D:3      | Found a glowing golden altar of the Shining One.
  2045 | D:4      | Reached XP level 5. HP: 44/49 MP: 5/5
  2103 | D:4      | Noticed a phantom
  2115 | D:4      | Killed a phantom
  2185 | D:4      | Reached XP level 6. HP: 29/56 MP: 6/6
  3813 | D:4      | HP: 2/57 [gnoll/spear (3)]
  3814 | D:4      | Slain by a gnoll

Action                   |  1- 3 |  4- 6 || total
-------------------------+-------+-------++-------
Melee: Club              |   141 |       ||   141
       War axe           |     1 |       ||     1
       Whip              |    30 |    58 ||    88
       Mace              |       |   162 ||   162
 Abil: Device Recharging |       |     6 ||     6
Evoke: Wand              |     1 |    27 ||    28
  Use: Potion            |     1 |     1 ||     2
  Eat: Chunk             |     2 |     4 ||     6
       Bread ration      |       |     2 ||     2

Vault maps used:
D:1:      sevenhm_arrival_forest_fort_small_4
D:2:      fedhas_altar_1
D:3:      tso_metal_star, first_bread, small_statue_intersection
D:4:      grunt_temple_overflow_open
